 Dungeon Crawl Stone Soup version 0.32-a0-43-g058985b245 (webtiles) character file.

Game seed: 2396482660017057429

216 cforsyth the Trooper (level 6, -11/48 HPs)
             Began as a Djinni Warper on Feb 4, 2024.
             Killed by psychic fangs
             ... invoked by a brain worm
              (16 damage)
             ... in a sewer.
             The game lasted 00:04:09 (2859 turns).

cforsyth the Trooper (Djinni Warper)                Turns: 2859, Time: 00:04:09

Health: -11/48     AC:  3    Str: 10    XL:     6   Next: 16%
Gold:   169        EV: 11    Int: 16    God:
                   SH:  0    Dex: 13

rFire   + + .        a - +1 falchion
rCold   x . .        f - orb {light}
rNeg    . . .        b - +0 leather armour
rPois   ∞            (no helmet)
rElec   .            (no cloak)
rCorr   .            (no gloves)
SInv    .            (boots unavailable)
Will    .....        (no amulet)
Stlth   +            (no ring)
HPRegen 0.28/turn    (no ring)
MPRegen 0.00/turn

%: infuse magic (-12 HP)
@: flying, glowing
A: sickness immunity, fire resistance 2, cold vulnerability 1, float, innate
caster, HP casting, extra vitality 1
a: no special abilities


You were in a sewer.
You visited 1 branch of the dungeon, and saw 4 of its levels.
You also visited: Sewer.

You collected 169 gold pieces.

Inventory:

Hand Weapons
 a - a +1 falchion (weapon)
Missiles
 d - 5 darts of dispersal (quivered)
 o - 2 poisoned darts
Armour
 b - a +0 leather armour (worn)
 f - an orb of light (worn)
 i - the +2 ring mail "Hiwusm" {Slay+4 Stlth+}
   (You found it on level 4 of the Dungeon)

   Slay+4:    It affects your accuracy & damage with ranged weapons and melee
   (+4).
   Stlth+:    It makes you more stealthy.
Jewellery
 e - a +6 ring of dexterity
Wands
 q - a wand of quicksilver (6)
Scrolls
 c - a scroll of blinking
 g - 2 scrolls of identify
 h - 2 scrolls of fog
 j - 2 scrolls of teleportation
Potions
 k - a potion of brilliance
 m - 2 potions of curing
 p - a potion of berserk rage


   Skills:
 + Level 4.4 Fighting
 - Level 1.7 Long Blades
 - Level 0.7 Throwing
 - Level 1.0 Armour
 - Level 2.1 Dodging
 + Level 4.2 Spellcasting
 + Level 4.2 Conjurations
 + Level 4.2 Hexes
 + Level 4.2 Summonings
 + Level 4.2 Necromancy
 + Level 4.2 Translocations
 + Level 4.2 Fire Magic
 + Level 4.2 Ice Magic
 + Level 4.2 Air Magic
 + Level 4.2 Earth Magic
 + Level 4.2 Alchemy


You knew the following spells:

 Your Spells              Type           Power      Damage    Failure   Level
a - Blink                 Tloc           32%        N/A       6%          2
b - Lesser Beckoning      Tloc           32%        N/A       6%          2
c - Teleport Other        Tloc           16%        N/A       12%         3
d - Manifold Assault      Tloc           16%        N/A       36%         4
e - Vhi's Electric Charg  Tloc/Air       32%        N/A       36%         4
f - Slow                  Hex            64%        N/A       4%          1
g - Mercury Vapours       Alch/Air       32%        N/A       6%          2
Your spell library was empty.

Dungeon Overview and Level Annotations

Branches:
Dungeon (4/15)             Temple (0/1) D:4           Sewer (1/1)

Altars:
Hepliaklqana

Shops:
D:3 =

Annotations:
D:3 1 runed translucent door, Azoth's ghost, amateur SpSh


Innate Abilities, Weirdness & Mutations

You are immune to sickness and miasma.
You are immune to poison.
Your flesh is very heat resistant. (rF++)
You are vulnerable to cold. (rC-)
You float through the air rather than walking.
You learn spells naturally, not from books.
Your magical power is your life essence.
You have superior vitality. (+4 MHP)


Message History

You hit the giant cockroach but do no damage.
The giant cockroach bites you. x2
You slash the giant cockroach!
You kill the giant cockroach!
No target in view!
No target in view!
No target in view!
No target in view!
No target in view!
There is an open door here.
j - 2 scrolls of teleportation (gained 1)
There is an open door here.
You reach down and open the door.
You see here a +0 club.
You reach down and open the door.
A brain worm comes into view.
The brain worm's throbbing head pulsates.
Something gnaws heavily on your mind!
Casting: Mercury Vapours (safe; 6% risk of failure)
Confirm with . or Enter, or press ? or * to list all spells.
Aiming: Mercury Vapours (safe; 6% risk of failure)
Press: ? - help, Dir - move target, f - brain worm
Aim: a brain worm (haloed, chance to weaken: 79%) Fumes of mercury billow around the brain worm!
The brain worm is poisoned.
The brain worm looks weaker.
The brain worm's throbbing head pulsates.
Something gnaws heavily on your mind!
Casting: Mercury Vapours (safe; 6% risk of failure)
Confirm with . or Enter, or press ? or * to list all spells.
Aiming: Mercury Vapours (safe; 6% risk of failure)
Press: ? - help, Dir - move target, f/p - brain worm
Aim: a brain worm (lightly wounded, very poisoned, weak, haloed, chance to weaken: 79%) Fumes of mercury billow around the brain worm!
The brain worm looks even sicker.
The brain worm looks even weaker.
The brain worm's bulging head throbs.
Something gnaws heavily on your mind!
* * * LOW HITPOINT WARNING * * *
The brain worm's throbbing head pulsates.
Something gnaws heavily on your mind!
You die...

############
#.##.##.##.#
#w##.##.##.#
#+##+##@##'##'##'#
........)........#
~~~~~~~.~~~~~~~~~#
≈≈≈≈≈≈≈∩≈≈≈≈≈≈≈≈≈#
~~~~~~~.~~~~~~~~~#
........)...)....#
#+##+##.##'##'##'#
#.##.##.##.#
#∩##.##.##.#


You could see a brain worm (very poisoned, weak).

Vanquished Creatures
  A brain worm (Sewer)
  A bombardier beetle (D:4)
  4 adders
  A ribbon worm (D:4)
  2 dart slugs
  5 bats
  5 endoplasms
  4 giant cockroaches
  6 goblins
  3 hobgoblins (D:1)
  6 jackals (D:1)
  3 quokkas
  7 ball pythons
  5 frilled lizards
  16 kobolds
  7 rats
76 creatures vanquished.

Notes
Turn   | Place    | Note
-------+----------+-------------------------------------------
     0 | D:1      | cforsyth the Djinni Warper began the quest for the Orb.
     0 | D:1      | cforsyth set off with the following spells memorised:
                  | Blink, Lesser Beckoning, Teleport Other, Manifold Assault,
                  | Vhi's Electric Charge.
     0 | D:1      | Reached XP level 1. HP: 18/18 MP: 0/0
    96 | D:1      | Reached XP level 2. HP: 18/23 MP: 0/0
   324 | D:1      | Reached XP level 3. HP: 17/29 MP: 0/0
   324 | D:1      | Learned a level 1 spell: Slow
  1305 | D:2      | Reached XP level 4. HP: 34/35 MP: 0/0
  1598 | D:2      | Found a hazy altar of Hepliaklqana.
  1849 | D:3      | Found a runed translucent door.
  1850 | D:3      | Noticed Azoth's ghost (amateur SpSh)
  1868 | D:3      | Found Ibaetrila's Jewellery Shoppe.
  2276 | D:3      | Reached XP level 5. HP: 34/40 MP: 0/0
  2276 | D:3      | Learned a level 2 spell: Mercury Vapours
  2548 | D:4      | Identified the +2 ring mail "Hiwusm" {Slay+4 Stlth+}
  2550 | D:4      | Found a staircase to the Ecumenical Temple.
  2643 | D:4      | Found a glowing drain.
  2658 | Sewer    | Entered a sewer
  2744 | Sewer    | Noticed a brain worm
  2751 | Sewer    | Killed a brain worm
  2752 | Sewer    | Reached XP level 6. HP: 27/48 MP: 0/0
  2859 | Sewer    | Killed from afar by a brain worm

Illustrated notes

Levels and vault maps discovered:
D:1:      pf_arrival_petrified_forest, layout_loops_ring,
          lexackson_kobold_supper
D:2:      layout_basic, basic_altar
D:3:      layout_basic, hellmonk_ghost_happy_afterlife, serial_shops, shop,
          solitary_fountain
D:4:      layout_loops_cross, minmay_temple_entry_statues_fountains,
          portal_sewer_entry_e
Sewer:    kennysheep_door_sewer

Skill      XL: |  1  2  3  4  5 |
---------------+----------------+-----
Spellcasting   | 3 4 |  4.2
Conjurations   | 3 4 |  4.2
Hexes          | 3 4 |  4.2
Summonings     | 3 4 |  4.2
Necromancy     | 3 4 |  4.2
Translocations | 3 4 |  4.2
Fire Magic     | 3 4 |  4.2
Ice Magic      | 3 4 |  4.2
Air Magic      | 3 4 |  4.2
Earth Magic    | 3 4 |  4.2
Alchemy        | 3 4 |  4.2
Fighting       | 3 4 |  4.4
Long Blades    | |  1.7
Throwing       | |  0.7
Armour         | |  1.0
Dodging        | |  2.1

Action                     |  1- 3 |  4- 6 || total
---------------------------+-------+-------++-------
  Melee: Falchion          |   146 |    84 ||   230
  Throw: Dart              |     2 |       ||     2
   Cast: Mercury Vapours   |       |     3 ||     3
    Use: Scroll            |       |    10 ||    10
 Armour: Leather armour    |   109 |    62 ||   171
  Dodge: Dodged            |   110 |    43 ||   153

Table legend: (Time is in decaauts)
 A = Elapsed time spent in this place.
 B = Non-inter-level travel time spent in this place.
 C = Inter-level travel time spent in this place.
 D = Time resting spent in this place.
 E = Time spent auto-exploring this place.
 F = Levels seen in this place.
 G = Mean time per level.
                   A        B        C        D        E       F      G
               +--------+--------+--------+--------+--------+-----+--------+
         Total |   2906 |   2817 |     89 |      9 |   2119 |   5 |  581.2 |
       Dungeon |   2703 |   2614 |     89 |      9 |   1944 |   4 |  675.8 |
         Sewer |    203 |    203 |      0 |      0 |    175 |   1 |  203.0 |
               +--------+--------+--------+--------+--------+-----+--------+

Top non-repeatable levels by time:
     D:1: 1286 daAuts
     D:2: 597 daAuts
     D:3: 566 daAuts
     D:4: 253 daAuts
   Sewer: 203 daAuts
